 Dungeon Crawl Stone Soup version 0.26-a0-812-g31a745ddcd (webtiles) character file.

Game seed: 4916853471438211510

2 Lanoc the Gusty (level 1, -10/9 HPs)
             Began as a Vine Stalker Air Elementalist on Dec 1, 2020.
             Was an Initiate of Sif Muna.
             Mangled by an iguana (14 damage)
             ... on level 2 of the Dungeon.
             The game lasted 00:00:31 (272 turns).

Lanoc the Gusty (Vine Stalker Air Elementalist)      Turns: 272, Time: 00:00:31

Health: -10/9      AC:  2    Str: 10    XL:     1   Next: 30%
Magic:  0/4        EV: 12    Int: 15    God:    Sif Muna [......]
Gold:   19         SH:  0    Dex: 14    Spells: 3/4 levels left

rFire    . . .     SeeInvis .   (no weapon)
rCold    . . .     Faith    .   (no shield)
rNeg     . . .     Spirit   +   a - +0 robe
rPois    .         Reflect  .   (no helmet)
rElec    .         Harm     .   (no cloak)
rCorr    .         Rampage  .   (no gloves)
MR       .....                  (no boots)
Stlth    ++........             (no amulet)
HPRegen  0.03/turn              (no ring)
MPRegen  0.09/turn              (no ring)

@: no status effects
A: fangs 2, magic shield, antimagic bite, no potion heal 3, rot immunity
a: Renounce Religion


You were on level 2 of the Dungeon.
You worshipped Sif Muna.
Sif Muna was noncommittal.
You visited 1 branch of the dungeon, and saw 2 of its levels.

You collected 19 gold pieces.

Inventory:

Armour
 a - a +0 robe (worn)
Scrolls
 b - 2 scrolls of remove curse {unknown}
Potions
 c - a potion of mutation {unknown}


   Skills:
 + Level 1.6 Dodging
 - Level 2.4 Stealth
 - Level 2.1 Spellcasting
 + Level 1.0 Conjurations
 * Level 3.0 Air Magic


You had 3 spell levels left.
You knew the following spells:

 Your Spells              Type           Power        Failure   Level
a - Shock                 Conj/Air       #...         10%         1

Your spell library contained the following spells:

 Spells                   Type           Power        Failure   Level
 Swiftness                Air            ##......     10%         2
 Static Discharge         Conj/Air       #.......     28%         3
 Airstrike                Air            ##........   52%         4
 Lightning Bolt           Conj/Air       #.........   95%         5


Dungeon Overview and Level Annotations

Branches:
Dungeon (2/15)

Altars:
Sif Muna
Wu Jian


Innate Abilities, Weirdness & Mutations

You have extremely sharp teeth.
When hurt, damage is shared between your health and your magic reserves.
Your bite disrupts and absorbs the magic of your enemies.
Potions cannot restore your health.
You are immune to rotting.


Message History

Aiming: Shock (safe; 10% risk of failure)
Press: ? - help, Shift-Dir - straight line, f/p - iguana
Aim: an iguana (lightly wounded)
The zap hits the iguana.
The iguana is lightly wounded.
Casting: Shock (safe; 10% risk of failure)
Confirm with . or Enter, or press ? or * to list all spells.
Aiming: Shock (safe; 10% risk of failure)
Press: ? - help, Shift-Dir - straight line, f/p - iguana
Aim: an iguana (lightly wounded)
The zap misses the iguana.
The iguana bites you.
Ouch! That really hurt!
You barely miss the iguana.
The iguana is lightly wounded.
The iguana misses you.
You hit the iguana but do no damage. Your bite misses the iguana.
The iguana is lightly wounded.
The iguana bites you!
Ouch! That really hurt!
You die...

#.......#... .#.##.##.#.##
##.#.......#.## #######
#..#...#####.## .......
##.##.........## .......
##...##.......... .^.....
##.....##.#.....##
.>.....+#.......#.........
........l@.._.........#.##
.......##.......#.........
.......###.....##.#.....#.
.......#.##...###.#.#(###.
.......#.###.####.#.#.#...
.......#........#.#.#.#...
.......###...)..#.# #.#...
####### #......#.# #.#...
#......# #.#...


You could see an iguana.

Vanquished Creatures
  A hobgoblin (D:2)
  A bat (D:2)
2 creatures vanquished.

Notes
Turn   | Place    | Note
-------+----------+-------------------------------------------
     0 | D:1      | Lanoc the Vine Stalker Air Elementalist began the quest for
                  | the Orb.
     0 | D:1      | Reached XP level 1. HP: 9/9 MP: 4/4
   120 | D:2      | Found a shimmering blue altar of Sif Muna.
   126 | D:2      | Became a worshipper of Sif Muna the Loreminder
   184 | D:2      | Found an ornate altar of the Wu Jian Council.
   264 | D:2      | Noticed an iguana
   272 | D:2      | Mangled by an iguana

Illustrated notes

Levels and vault maps discovered:
D:1:      evilmike_arrival_grusome_pit, layout_basic
D:2:      layout_basic, old_standard_altar, lemuel_round_altar, serial_glass,
          glass_columns_a, glass_columns_a, glass_columns_a, feat_on_display,
          led_sif_pool, uniq_robin

Action                   || total
-------------------------++-------
Melee: Unarmed           ||     2
 Cast: Shock             ||     9
Dodge: Dodged            ||     1

Table legend: (Time is in decaauts)
 A = Elapsed time spent in this place.
 B = Non-inter-level travel time spent in this place.
 C = Inter-level travel time spent in this place.
 D = Time resting spent in this place.
 E = Time spent auto-exploring this place.
 F = Levels seen in this place.
 G = Mean time per level.
                   A        B        C        D        E       F      G
               +--------+--------+--------+--------+--------+-----+--------+
         Total |    271 |    271 |      0 |      0 |    238 |   2 |  135.5 |
       Dungeon |    271 |    271 |      0 |      0 |    238 |   2 |  135.5 |
               +--------+--------+--------+--------+--------+-----+--------+

Top non-repeatable levels by time:
     D:2: 203 daAuts
     D:1: 68 daAuts
